 Dungeon Crawl Stone Soup version 0.23-a0-619-g281719c6f9 (webtiles) character file.

4608 Morenatsu the Archer (level 10, -4/84 HPs)
             Began as a Centaur Hunter on Dec 23, 2018.
             Was an Elder of Okawaru.
             Slain by a thrashing horror (7 damage)
             ... on level 2 of the Abyss.
             The game lasted 00:37:24 (11023 turns).

Morenatsu the Archer (Centaur Hunter)              Turns: 11023, Time: 00:37:25

Health: -4/84      AC: 17    Str: 19    XL:     10   Next: 19%
Magic:  0/10       EV:  5    Int: 10    God:    Okawaru [****..]
Gold:   230        SH:  0    Dex: 16    Spells: 9/9 levels left

rFire    + + .     SeeInvis .   s - +0 war axe "Hiegelan" {freeze, +Blink rC++ Dex+5} (curse)
rCold    + . .     Gourm    .   (no shield)
rNeg     + . .     Faith    .   r - +4 chain mail {rF+}
rPois    .         Spirit   +   (helmet restricted)
rElec    .         Reflect  .   k - scarf {Spirit}
rCorr    .         Harm     .   j - +1 pair of gloves
MR       .....                  (no barding)
Stlth    ..........             (no amulet)
HPRegen  0.24/turn              (no ring)
MPRegen  0.12/turn              o - ring "Gutraohu" {Fire rN+ Str+2 Stlth+}

@: hasted, very quick
A: large, hooves 3, horns 1, slimy green scales 1, thin metallic scales 1,
deformed body, speed 2, tough skin 3
a: Heroism, Renounce Religion, Evoke Blink


You were on level 2 of the Abyss.
You worshipped Okawaru.
Okawaru was greatly pleased with you.
You were very hungry.

You visited 2 branches of the dungeon, and saw 9 of its levels.
You visited the Abyss 1 time.
You also visited: Bailey.

You collected 435 gold pieces.
You spent 205 gold pieces at shops.

Inventory:

Hand Weapons
 a - a +1 shortbow
 q - a +0 dire flail of draining
 s - the cursed +0 war axe "Hiegelan" (weapon) {freeze, +Blink rC++ Dex+5}
   (You found it on level 2 of the Abyss)

   It has been specially enchanted to freeze those struck by it, causing extra
   injury to most foes and up to half again as much damage against particularly
   susceptible opponents.
   It can also slow down cold-blooded creatures.
   It affects your dexterity (+5).
   It greatly protects you from cold.
   It lets you blink.
   It has a curse placed upon it.
Missiles
 d - 34 arrows
Armour
 j - a +1 pair of gloves (worn)
 k - a scarf of spirit shield (worn)
 r - a +4 chain mail of fire resistance (worn)
Jewellery
 o - the ring "Gutraohu" (right hand) {Fire rN+ Str+2 Stlth+}
   (You found it on level 5 of the Dungeon)

   [ring of fire]

   It enhances your fire magic.
   It affects your strength (+2).
   It protects you from fire.
   It makes you vulnerable to cold.
   It protects you from negative energy.
   It makes you more stealthy.
Wands
 b - a wand of clouds (5)
 i - a wand of iceblast (10)
 l - a wand of paralysis (7)
Scrolls
 e - 4 scrolls of teleportation
Potions
 c - 2 potions of heal wounds
 g - a potion of curing
 h - a potion of invisibility
 m - a potion of mutation
 n - 2 potions of resistance
 p - 3 potions of magic
Comestibles
 f - 12 rations


   Skills:
 - Level 6.4 Fighting
 - Level 10.2 Maces & Flails
 - Level 11.0 Bows
 + Level 1.0 Armour
 - Level 1.4 Dodging
 - Level 0.4 Stealth


You had 9 spell levels left.
You didn't know any spells.
Your spell library was empty.

Dungeon Overview and Level Annotations

Branches:
Dungeon (8/15)             Temple (1/1) D:5
   Lair: D:8-11

Altars:
Ashenzari
Cheibriados
Dithmenos
Elyvilon
Fedhas
Gozag
Hepliaklqana
Kikubaaqudgha
Makhleb
Nemelex Xobeh
Okawaru
Qazlal
Ru
Sif Muna
Trog
Uskayaw
Vehumet
Wu Jian
Xom
Yredelemnul
Zin
The Shining One

Shops:
D:4 %   D:8 [

Annotations:
D:3 Grinder
D:5 3 runed doors, Adamkad1's ghost, novice CeFi
D:7 1 runed door, dcsswall's ghost, novice HOMo


Innate Abilities, Weirdness & Mutations

You have hooves in place of feet.
Armour fits poorly on your strangely shaped body.
You cover ground very quickly.
You have extremely tough skin. (AC +3)
You have a pair of small horns on your head.
You are partially covered in slimy green scales. (AC +2)
You are partially covered in thin metallic scales. (AC +2)


Message History

It sticks to your hand!
s - the cursed +0 war axe "Hiegelan" (weapon)
{freeze, +Blink rC++ Dex+5} The thrashing horror roars!
You completely miss the thrashing horror.
The thrashing horror tramples you.
* * * LOW HITPOINT WARNING * * *
You stumble backwards!
The thrashing horror roars!
Unknown command.
Found a plate armour.
The thrashing horror completely misses you.
The thrashing horror barely misses you.
A fire giant zombie comes into view.
The thrashing horror roars!
The thrashing horror tramples you!
* * * LOW HITPOINT WARNING * * *
You stumble backwards!
The thrashing horror roars!
The thrashing horror tramples you!
You die...

## # .. #. #.
# .# .##.#
.#... #..#
#@##
#.#.X#######
#......#..##
#.[###...#.##
##..#...#.Z#
# #
#.##.###.##.#
.. ##.... ###
.#. .#...##
##....# .#..
#.###..#.#.#


You could see a thrashing horror and a fire giant zombie.

Vanquished Creatures
  Harold (D:7)
  Pikel (D:7)
  Joseph (D:7)
  A hippogriff (D:7)
  Edmund (D:6)
  An orc warrior (D:8)
  2 slaves (D:7)
  A black bear (D:7)
  6 ogres
  3 centaurs
  2 bullfrogs (D:6)
  A wyvern zombie (D:7)
  2 scorpions (D:7)
  8 wights
  5 crimson imps
  An orc wizard (D:5)
  A jelly (D:6)
  5 orc priests
  A bullfrog skeleton (D:5)
  5 hounds
  A centaur skeleton (D:7)
  Terence (D:3)
  Jessica (D:2)
  2 iguanas
  6 worker ants
  A worker ant zombie (D:8)
  A howler monkey skeleton (D:5)
  7 adders
  20 gnolls
  An ooze (D:6)
  An adder skeleton (D:5)
  5 worms
  4 dart slugs
  4 leopard geckos
  11 orcs
  2 ball pythons
  2 giant cockroaches
  12 goblins
  14 hobgoblins
  7 jackals
  14 kobolds
  7 quokkas
  3 bats (D:1)
  2 frilled lizards
  A leopard gecko skeleton (D:4)
  A quokka skeleton (D:4)
  A quokka zombie (D:6)
  8 rats
189 creatures vanquished.

Notes
Turn   | Place    | Note
-------+----------+-------------------------------------------
     0 | D:1      | Morenatsu the Centaur Hunter began the quest for the Orb.
     0 | D:1      | Reached XP level 1. HP: 17/17 MP: 1/1
   185 | D:1      | Reached XP level 2. HP: 22/24 MP: 2/2
   239 | D:1      | Reached skill level 6 in Bows
   808 | D:2      | Reached XP level 3. HP: 29/29 MP: 3/3
   895 | D:2      | Reached skill level 7 in Bows
  1498 | D:2      | Reached XP level 4. HP: 36/36 MP: 4/4
  1620 | D:2      | Noticed Jessica
  1635 | D:2      | Killed Jessica
  2006 | D:2      | Reached skill level 8 in Bows
  2751 | D:3      | Found a snail-covered altar of Cheibriados.
  2873 | D:3      | Noticed Grinder
  3238 | D:3      | Noticed Terence
  3271 | D:3      | Killed Terence
  3271 | D:3      | Reached XP level 5. HP: 4/41 MP: 5/5
  3751 | D:4      | Noticed an ogre
  3778 | D:4      | Killed an ogre
  3778 | D:4      | Reached skill level 9 in Bows
  3979 | D:4      | Found a burning altar of Makhleb.
  3984 | D:4      | Found a glowing silver altar of Zin.
  3985 | D:4      | Noticed an Executioner
  3985 | D:4      | Noticed an angel
  4007 | D:4      | Reached XP level 6. HP: 47/48 MP: 6/6
  4028 | D:4      | Found Asuinoah's Food Emporium.
  4052 | D:4      | Bought a ration for 55 gold pieces
  4088 | D:4      | Found a sparkling altar of Nemelex Xobeh.
  4135 | D:4      | Gained mutation: You are partially covered in thin metallic
                  | scales. (AC +2) [potion of mutation]
  4135 | D:4      | Gained mutation: You are frail. (-10% HP) [potion of
                  | mutation]
  4135 | D:4      | Gained mutation: You expend magic power (3 MP) to
                  | strengthen your wands. [potion of mutation]
  4136 | D:4      | Lost mutation: You are frail. (-10% HP) [potion of
                  | mutation]
  4136 | D:4      | Lost mutation: You expend magic power (3 MP) to strengthen
                  | your wands. [potion of mutation]
  4136 | D:4      | Gained mutation: You are partially covered in slimy green
                  | scales. (AC +2) [potion of mutation]
  4136 | D:4      | Gained mutation: You have a pair of small horns on your
                  | head. [potion of mutation]
  4201 | D:5      | Entered Level 5 of the Dungeon
  4234 | D:5      | Noticed Adamkad1's ghost (novice CeFi)
  4235 | D:5      | Found a runed gate.
  4245 | D:5      | Found a runed gate.
  4246 | D:5      | Found a runed gate.
  4248 | D:5      | Found a staircase to the Ecumenical Temple.
  4269 | Temple   | Entered the Ecumenical Temple
  4310 | Temple   | Became a worshipper of Warmaster Okawaru
  4503 | D:5      | Reached skill level 10 in Bows
  4750 | D:5      | Reached XP level 7. HP: 48/55 MP: 4/7
  4763 | D:5      | Reached skill level 11 in Bows
  4915 | D:5      | Reached * piety under Okawaru
  5207 | D:5      | Got a clouded bronze ring
  5208 | D:5      | Identified the ring "Gutraohu" {Fire rN+ Str+2 Stlth+} (You
                  | found it on level 5 of the Dungeon)
  5702 | D:6      | Reached skill level 5 in Fighting
  5880 | D:6      | Found a shadowy altar of Dithmenos.
  5912 | D:6      | Reached XP level 8. HP: 34/70 MP: 5/8
  6137 | D:6      | Noticed Edmund
  6194 | D:6      | Killed Edmund
  6489 | D:6      | Reached ** piety under Okawaru
  6489 | D:6      | Reached skill level 1 in Maces & Flails
  6651 | D:6      | Found an ornate altar of the Wu Jian Council.
  6666 | D:6      | Found a stormy altar of Qazlal.
  6668 | D:6      | Found a hazy altar of Hepliaklqana.
  6670 | D:6      | Found a hide-covered altar of Uskayaw.
  6671 | D:6      | Found a glowing golden altar of the Shining One.
  6671 | D:6      | Found a sacrificial altar of Ru.
  6671 | D:6      | Found a basalt altar of Yredelemnul.
  6671 | D:6      | Found a shimmering altar of Xom.
  6852 | D:6      | Found a burning altar of Makhleb.
  6852 | D:6      | Noticed a blizzard demon
  6857 | D:6      | Noticed a smoke demon
  7066 | D:7      | Noticed Joseph
  7068 | D:7      | Noticed a hippogriff
  7090 | D:7      | Killed a hippogriff
  7090 | D:7      | Reached skill level 5 in Maces & Flails
  7361 | D:7      | Found a runed door.
  7365 | D:7      | Noticed dcsswall's ghost (novice HOMo)
  7438 | D:7      | Noticed Harold
  7525 | D:7      | Reached XP level 9. HP: 74/78 MP: 7/9
  7583 | D:7      | Reached *** piety under Okawaru
  8220 | D:7      | Noticed Pikel
  8346 | D:7      | Killed Joseph
  8729 | D:7      | Killed Harold
  8729 | D:7      | Received a gift from Okawaru
  8833 | D:7      | Killed Pikel
  8833 | D:7      | Reached **** piety under Okawaru
  8833 | D:7      | Reached XP level 10. HP: 65/84 MP: 7/10
  9154 | D:8      | Found Muf Pewo's Antique Armour Shop.
  9159 | D:8      | Bought a pair of embroidered gloves for 150 gold pieces
  9224 | D:8      | Reached skill level 10 in Maces & Flails
  9316 | D:8      | Found a flagged portal.
  9467 | Bailey   | Entered a bailey
 10155 | Bailey   | Noticed an orc knight
 10188 | Bailey   | Reached skill level 1 in Armour
 10906 | D:8      | Cast into level 2 of the Abyss (orc knight)
 10907 | Abyss:2  | Found a corrupted altar of Lugonu.
 10944 | Abyss:2  | Noticed a thrashing horror
 10993 | Abyss:2  | Noticed a large abomination
 11003 | Abyss:2  | Got a steaming war axe
 11005 | Abyss:2  | Identified the cursed +0 war axe "Hiegelan" {freeze, +Blink
                  | rC++ Dex+5} (You found it on level 2 of the Abyss)
 11021 | Abyss:2  | HP: 2/84 [thrashing horror (6)]
 11023 | Abyss:2  | Slain by a thrashing horror

Vault maps used:
D:1:      psy_arrival_spokes
D:2:      uniq_jessica
D:3:      kennysheep_slug_shrine, gammafunk_ghost_nasty_kobolds,
          uniq_crazy_yiuf_cottage, uniq_terence, uniq_grinder
D:4:      grunt_temple_overflow_order_and_chaos_2, nemelex_altar_shiori,
          serial_shops, shop, first_ration
D:5:      temple_fountains, gammafunk_ghost_split
D:6:      lemuel_doored_altar, nicolae_dithmenos_the_darkroom,
          grunt_temple_overflow_open, makhleb_altar_promises_db, uniq_edmund
D:7:      ebering_ghost_inner_flame, uniq_pikel, uniq_joseph, uniq_harold
D:8:      serial_shops, shop, enter_bailey_7
Temple:   jpeg_temple_island
Abyss:2:  hangedman_illusive_loot
Bailey:   bailey_axe_2, bailey

Skill      XL: |  1  2  3  4  5  6  7  8  9 10 |
---------------+-------------------------------+-----
Bows           | 6 7 8 9 10 11 | 11.0
Fighting       | 5 6 |  6.4
Maces & Flails | 5 9 10 | 10.2
Armour         | 1 |  1.0
Dodging        | |  1.4
Stealth        | |  0.4

Action                   |  1- 3 |  4- 6 |  7- 9 | 10-12 || total
-------------------------+-------+-------+-------+-------++-------
Melee: Short sword       |   112 |   144 |    28 |       ||   284
       Kick              |    13 |    32 |    58 |    22 ||   125
       Headbutt          |       |     8 |    31 |    10 ||    49
       Dire flail        |       |       |   170 |    71 ||   241
 Fire: Shortbow          |    18 |    86 |   219 |   117 ||   440
Invok: Heroism           |       |       |     4 |     4 ||     8
  Use: Scroll            |     3 |     7 |     4 |     2 ||    16
       Potion            |     2 |     2 |       |     5 ||     9
  Eat: Chunk             |     1 |     5 |    10 |     2 ||    18
       Ration            |       |     1 |       |     1 ||     2
Armor: Leather armour    |    50 |     1 |       |       ||    51
       Skin              |    10 |       |       |       ||    10
       Robe              |       |    54 |    18 |       ||    72
       Chain mail        |       |       |   116 |   110 ||   226
Dodge: Dodged            |    49 |   102 |    64 |    48 ||   263

Table legend:
 A = Non-vault XP
 B = Vault XP
 C = Vault XP percentage of total XP
 D = Non-vault monster count
 E = Vault monster count
 F = Vault count percentage of total count
                 A         B        C        D         E       F
            +---------+---------+-------+---------+---------+-------
      Total |    3951 |    2632 |  40.0 |     145 |      42 |  22.5
            +---------+---------+-------+---------+---------+-------
        D:1 |      31 |       0 |   0.0 |      17 |       0 |   0.0
        D:2 |      92 |      37 |  28.7 |      29 |       1 |   3.3
        D:3 |       8 |      42 |  84.0 |       5 |       2 |  28.6
        D:4 |     202 |       0 |   0.0 |       6 |       0 |   0.0
        D:5 |     760 |       0 |   0.0 |      32 |       0 |   0.0
        D:6 |     634 |     147 |  18.8 |      14 |       1 |   6.7
        D:7 |    1810 |    2152 |  54.3 |      31 |       3 |   8.8
        D:8 |     414 |      33 |   7.4 |      11 |       4 |  26.7
     Bailey |       0 |     221 | 100.0 |       0 |      31 | 100.0
            +---------+---------+-------+---------+---------+-------
